 Dungeon Crawl Stone Soup version 0.22-a0-284-g99d1f74 (webtiles) character file.

86 Gorglomux the Covered (level 4, -4/38 HPs)
             Began as a Demigod Fighter on Mar 22, 2018.
             Slain by Sigmund
             ... wielding a +0 scythe
              (8 damage)
             ... on level 3 of the Dungeon.
             The game lasted 00:02:46 (1805 turns).

Gorglomux the Covered (Demigod Fighter)             Turns: 1805, Time: 00:02:47

Health: -4/38      AC:  6    Str: 28    XL:     4   Next: 6%
Magic:  6/6        EV:  7    Int: 12    God:
Gold:   118        SH: 15    Dex: 15    Spells: 3/3 levels left

rFire    . . .     SeeInvis .   a - +0 war axe
rCold    . . .     Gourm    .   t - +0 large shield
rNeg     . . .     Faith    .   b - +0 scale mail
rPois    .         Spirit   .   (helmet restricted)
rElec    .         Reflect  .   (no cloak)
rCorr    .         Harm     .   I - +0 pair of gloves
MR       .....                  (no boots)
Stlth    ..........             (no amulet)
HPRegen  0.12/turn              m - +2 ring of evasion
MPRegen  0.10/turn              s - -2 ring of protection (curse)

@: mighty
A: antennae 2, high mp 1, strong 1
a: no special abilities


You were on level 3 of the Dungeon.
You were not hungry.

You visited 1 branch of the dungeon, and saw 3 of its levels.

You collected 118 gold pieces.

Inventory:

Hand Weapons
 a - a +0 war axe (weapon)
Armour
 b - a +0 scale mail (worn)
 t - a +0 large shield (worn)
 F - a +0 helmet
 I - a +0 pair of gloves (worn)
Jewellery
 m - a +2 ring of evasion (left hand)
 s - a cursed -2 ring of protection (right hand)
Wands
 E - a wand of enslavement (15)
Scrolls
 j - 3 scrolls of enchant armour {unknown}
 k - a scroll of identify {unknown}
 n - a scroll of fog {unknown}
 q - 2 scrolls of teleportation {unknown}
 r - a scroll of remove curse {unknown}
 u - a scroll of fear {unknown}
 H - a scroll of amnesia {unknown}
Comestibles
 f - 4 rations
 o - a chunk of flesh


   Skills:
 + Level 3.2 Fighting
 + Level 2.5 Axes
 + Level 3.3 Armour
 + Level 3.2 Shields


You had 3 spell levels left.
You didn't know any spells.

Dungeon Overview and Level Annotations

Branches:
Dungeon (3/15)

Annotations:
D:3 Sigmund


Innate Abilities, Weirdness & Mutations

You have an increased reservoir of magic. (+10% MP)
You have a pair of antennae on your head.
Your muscles are strong. (Str +2)


Message History

You barely miss something! You block something's attack!
Unknown command!
You miss something! Something hits you!!! * * * don't die
* * * Unknown command!
You feel better! Something hits you! * * * don't die
* * * It was a potion of cancellation!
You feel magically purged! Something butts you but does no damage!
It was a potion of mutation!
You feel extremely strange!
A pair of antennae grows on your head!!!
Your +0 helmet falls away!!!
The antennae on your head grow some more!
You feel stronger!
You feel better! Something hits you!
You feel very butt all of a sudden! Something hits you!!! * * * don't die
* * * You closely miss something!
Butt hits you!!! rip

.#.###.#.. ..#......##
##.. #......#.#
#.#.......# #...
.####..#.# #.#.###...#
#... . #..#.# #.#.# #...#
#... #..#.# #.#.###...#
#... #..#.# #.#.......#
##... #..#.# #.#.####..#
#.... #....# #...#
#..######...#
##.#########@#
#...........#
#..........{#
#.######.....
##########.## #.# #.####
#..# #.### #.# #######..#
#.(.## #.#### #........#
####...###.....
#.#####..###..........####
#............##...###.#
#...#...#...####.## #.#


There were no monsters in sight!

Vanquished Creatures
  An adder (D:2)
  4 oozes
  3 leopard geckos
  3 giant cockroaches
  5 goblins
  7 hobgoblins
  3 jackals (D:1)
  9 bats
  3 frilled lizards
  10 kobolds
  10 rats
58 creatures vanquished.

Notes
Turn   | Place    | Note
-------+----------+-------------------------------------------
     0 | D:1      | Gorglomux the Demigod Fighter began the quest for the Orb.
     0 | D:1      | Reached XP level 1. HP: 18/18 MP: 3/3
   270 | D:1      | Reached XP level 2. HP: 22/25 MP: 4/4
   557 | D:1      | Reached skill level 3 in Fighting
   557 | D:1      | Reached skill level 3 in Armour
   557 | D:1      | Reached skill level 3 in Shields
   849 | D:1      | Reached XP level 3. HP: 29/31 MP: 5/5
  1108 | D:2      | Noticed a dagger
  1111 | D:2      | Noticed a dagger
  1116 | D:2      | Found a hide-covered altar of Uskayaw.
  1353 | D:2      | Found a blossoming altar of Fedhas.
  1396 | D:2      | Found an opulent altar of Gozag.
  1621 | D:3      | Reached XP level 4. HP: 38/38 MP: 6/6
  1759 | D:3      | Found a radiant altar of Vehumet.
  1763 | D:3      | Noticed Sigmund
  1802 | D:3      | Gained mutation: You have a pair of small antennae on your head. [potion of mutation]
  1802 | D:3      | Gained mutation: You have a pair of antennae on your head. [potion of mutation]
  1802 | D:3      | Gained mutation: Your muscles are strong. (Str +2) [potion of mutation]
  1805 | D:3      | Slain by Sigmund

Vault maps used:
D:1:      erik_arrival_gehennom
D:2:      old_standard_altar, dancing_weapons_uskayaw, fedhas_altar_2,
          nrook_mini_backslash
D:3:      vehumet_crystals, minmay_statues_item, minivault_27, uniq_sigmund

Skill      XL: |  1  2 |
---------------+-------+-----
Axes           | 2 |  2.5
Fighting       | 3 |  3.2
Armour         | 3 |  3.3
Shields        | 3 |  3.2

Action                   |  1- 3 |  4- 6 || total
-------------------------+-------+-------++-------
Melee: War axe           |   136 |    29 ||   165
  Use: Potion            |       |     7 ||     7
  Eat: Chunk             |     3 |       ||     3
Armor: Scale mail        |    72 |     4 ||    76
Dodge: Dodged            |    49 |     3 ||    52
Block: Shield            |    69 |       ||    69
       Large shield      |    36 |    23 ||    59

Table legend:
 A = Spawn XP
 B = Non-spawn XP
 C = Spawn XP percentage of total XP
 D = Spawn monster count
 E = Non-spawn monster count
 F = Spawn count percentage of total count
 G = Total turns spent on level
                    A         B        C        D         E        F      G
               +---------+---------+-------+---------+---------+-------+---------
         Total |       0 |     124 |   0.0 |       0 |      58 |   0.0 |  1805
               +---------+---------+-------+---------+---------+-------+---------
           D:1 |       0 |      64 |   0.0 |       0 |      33 |   0.0 |  1082
           D:2 |       0 |      41 |   0.0 |       0 |      13 |   0.0 |   348
           D:3 |       0 |      19 |   0.0 |       0 |      12 |   0.0 |   375
               +---------+---------+-------+---------+---------+-------+---------
